 Dungeon Crawl Stone Soup version 0.17-a0-1399-gd5b76e1 (webtiles) character file.

25 Gronka the Covered (level 2, -10/27 HPs)
             Began as a Minotaur Fighter on June 19, 2015.
             Mangled by a gnoll
             ... wielding a +0 halberd
              (11 damage)
             ... on level 2 of the Dungeon.
             The game lasted 00:02:27 (712 turns).

Gronka the Covered (Minotaur Fighter)                Turns: 712, Time: 00:02:27

Health: -10/27     AC:  9    Str: 25    XL:     2   Next: 86%
Magic:  1/1        EV:  6    Int: 10    God:
Gold:   30         SH:  9    Dex:  7    Spells: 0 memorised, 1 level left

rFire  . . .     SeeInvis .     a - +0 long sword
rCold  . . .     Clarity  .     i - +0 chain mail
rNeg   . . .     SustAt   .     c - +0 shield
rPois  .         Gourm    .     (helmet restricted)
rElec  .         Spirit   .     (no cloak)
rCorr  .         Warding  .     (no gloves)
rMut   .         Stasis   .     (no boots)
MR     .....                    (no amulet)
Stlth  ..........               (no ring)
                                (no ring)

@: mighty, brilliant, not resistant to hostile enchantments, extremely
unstealthy
A: retaliatory headbutt, hooves 1, horns 2, clumsy 1, subdued magic 1
a: no special abilities


You were on level 2 of the Dungeon.
You were not hungry.

You visited 1 branch of the dungeon, and saw 2 of its levels.

You collected 30 gold pieces.

Inventory:

Hand weapons
 a - a +0 long sword (weapon)
Armour
 b - a +0 scale mail
 c - a +0 shield (worn)
 i - a +0 chain mail (worn)
Scrolls
 f - a scroll of remove curse
 g - 2 scrolls of recharging {unknown}
 j - a scroll of identify {unknown}
 m - a scroll of amnesia {unknown}
Potions
 d - 3 potions of might
 l - 2 potions of brilliance
Comestibles
 e - 2 bread rations
 h - a fruit
 n - a beef jerky


   Skills:
 + Level 4.0 Fighting
 + Level 2.6 Long Blades
 + Level 4.1 Armour
 + Level 0.2 Dodging
 + Level 4.1 Shields


You had one spell level left.
You didn't know any spells.

Dungeon Overview and Level Annotations

Branches:
Dungeon (2/15)

Altars:
The Shining One


Innate Abilities, Weirdness & Mutations

You reflexively headbutt those who attack you in melee.
You have a pair of horns on your head.
You have large cloven feet.
You are clumsy. (Dex -2)
Your spells are a little easier to cast, but a little less powerful.


Message History

The quokka bites you.
* * * LOW HITPOINT WARNING * * *
You block the gnoll's attack.
Drink which item? (? for menu, Esc to quit)
It was a potion of brilliance.
You feel clever all of a sudden. You block the quokka's attack.
You are too injured to fight recklessly!
You are too injured to fight recklessly!
Your shield and chain mail prevent you from hitting the quokka.
You feel sick.
You are no longer poisoned.
The quokka bites you.
* * * LOW HITPOINT WARNING * * *
You block the gnoll's attack.
The quokka bites you but does no damage.
You barely miss the quokka. You kick the quokka. You headbutt the quokka.
You kill the quokka!
The gnoll hits you from afar with a halberd!
You die...

..## ... ...##..
..)... ....# ...#
g.# ##g#
###.@#########
####...##<..(...##
..................#
####.####.........#
.........†......#
## #####.......>.#
##.......##
#########


You could see 2 gnolls.

Vanquished Creatures
  An adder (D:2)
  3 bats (D:1)
  A giant cockroach (D:1)
  3 goblins (D:1)
  2 hobgoblins (D:1)
  2 kobolds (D:1)
  A quokka (D:2)
  2 giant newts (D:1)
  A rat (D:1)
16 creatures vanquished.

Notes
Turn   | Place    | Note
--------------------------------------------------------------
     0 | D:1      | Gronka the Minotaur Fighter began the quest for the Orb.
     0 | D:1      | Reached XP level 1. HP: 19/19 MP: 0/0
   172 | D:1      | Reached XP level 2. HP: 25/27 MP: 1/1
   569 | D:1      | Reached skill level 4 in Shields
   586 | D:1      | Found a glowing golden altar of the Shining One.
   709 | D:2      | Gained mutation: You are clumsy. (Dex -2) [potion of mutation]
   709 | D:2      | Gained mutation: You have large cloven feet. [potion of mutation]
   709 | D:2      | Gained mutation: Your spells are a little easier to cast, but a little less powerful. [potion of mutation]
   711 | D:2      | HP: 1/27 [quokka (1)]
   712 | D:2      | Mangled by a gnoll

Vault maps used:
D:1:      evilmike_arrival_crescent, tso_altar
D:2:      minmay_misc_feat_iff, minmay_misc_feat_five, uniq_robin

Action                   || total
-------------------------++-------
Melee: Long sword        ||    60
  Use: Potion            ||     3
       Scroll            ||     1
